 Dungeon Crawl Stone Soup version 0.22.1 (webtiles) character file.

3035 dohliylev the Covert (level 9, -6/61 HPs)
             Began as a Vampire Enchanter on Sept 19, 2018.
             Was a Follower of Dithmenos.
             Shot with an arrow by a centaur (12 damage)
             ... on level 8 of the Dungeon.
             The game lasted 00:36:26 (7306 turns).

dohliylev the Covert (Vampire Enchanter)            Turns: 7306, Time: 00:36:27

Health: -6/61      AC:  5    Str:  7    XL:     9   Next: 56%
Magic:  2/16       EV: 17    Int: 21    God:    Dithmenos [*.....]
Gold:   459        SH:  0    Dex: 14    Spells: 7/18 levels left

rFire    . . .     SeeInvis +   w - +2 dagger (distort)
rCold    . . .     Gourm    .   (no shield)
rNeg     + . .     Faith    .   b - +0 robe
rPois    +         Spirit   .   (no helmet)
rElec    .         Reflect  .   m - +0 cloak
rCorr    .         Harm     .   B - +0 pair of gloves
MR       .....                  A - +0 pair of boots
Stlth    ++++++....             (no amulet)
HPRegen  0.20/turn              k - ring of poison resistance
MPRegen  0.15/turn              (no ring)

@: about to teleport, very slightly contaminated, wreathed by umbra
A: fangs 3, see invisible, unbreathing
a: Bat Form, Renounce Religion


You were on level 8 of the Dungeon.
You worshipped Dithmenos.
Dithmenos was aware of your devotion.
You were not thirsty.

You visited 2 branches of the dungeon, and saw 9 of its levels.

You collected 459 gold pieces.

Inventory:

Hand Weapons
 a - a +1 dagger
 e - a +0 short sword of electrocution
 w - a +2 dagger of distortion (weapon)
Armour
 b - a +0 robe (worn)
 m - a +0 cloak (worn)
 A - a +0 pair of boots (worn)
 B - a +0 pair of gloves (worn)
Jewellery
 k - a ring of poison resistance (left hand)
Wands
 u - a wand of flame (46)
Scrolls
 c - 5 scrolls of identify
 g - 2 scrolls of teleportation
 l - a scroll of fear {unknown}
 n - 2 scrolls of noise {unknown}
 o - 2 scrolls of remove curse
 q - 2 scrolls of fog {unknown}
 t - a scroll of amnesia {unknown}
 y - a scroll of random uselessness {unknown}
Potions
 d - 9 potions of blood
 f - 7 potions of curing {unknown}
 h - a potion of haste {unknown}
 i - 3 potions of might {unknown}
 j - 3 potions of lignification {unknown}
 p - 2 potions of mutation {unknown}
 r - 4 potions of heal wounds {unknown}
 s - a potion of magic {unknown}
 v - 2 potions of cancellation {unknown}
 x - a potion of flight {unknown}
 z - a potion of brilliance {unknown}


   Skills:
 - Level 2.0 Fighting
 + Level 6.6 Short Blades
 + Level 7.6 Dodging
 - Level 12.1 Stealth
 - Level 5.0 Spellcasting
 - Level 6.0 Hexes


You had 7 spell levels left.
You knew the following spells:

 Your Spells              Type           Power        Failure   Level  Hunger
a - Corona                Hex            ####...      1%          1    None
b - Ensorcelled Hibernat  Hex/Ice        ###...       4%          2    None
c - Confuse               Hex            ####....     2%          3    ##.....
d - Passwall              Tmut/Erth      #.......     16%         2    None
e - Tukima's Dance        Hex            ####....     2%          3    ##.....

Your spell library contained the following spells:

 Spells                   Type           Power        Failure   Level  Hunger
 Dazzling Spray           Conj/Hex       ###...       10%         3    ##.....
 Sandblast                Erth           #.....       11%         1    None
 Stone Arrow              Conj/Erth      #.....       32%         3    ##.....
 Petrify                  Tmut/Erth      #.......     71%         4    ####...
 Lee's Rapid Deconstruct  Erth           #.........   96%         5    #####..


Dungeon Overview and Level Annotations

Branches:
Dungeon (8/15)             Temple (1/1) D:6
   Lair: D:8-11

Altars:
Ashenzari
Cheibriados
Dithmenos
Elyvilon
Fedhas
Gozag
Hepliaklqana
Kikubaaqudgha
Makhleb
Nemelex Xobeh
Okawaru
Qazlal
Ru
Sif Muna
Trog
Uskayaw
Vehumet
Wu Jian
Xom
Yredelemnul
Zin
The Shining One

Shops:
D:4 [   D:6 :


Innate Abilities, Weirdness & Mutations

You have razor-sharp teeth.
You have supernaturally acute eyesight. (SInv)
You can survive without breathing.


Message History

Press: ? - help, Shift-Dir - straight line, f/p - centaur
Aim: a centaur (umbra, chance to defeat MR: 48%)
The centaur resists with some effort.
The centaur misses you. The centaur hits you.
* * * LOW HITPOINT WARNING * * *
As you read the scroll of teleportation, it crumbles to dust.
You feel strangely unstable. The centaur closely misses you.
You barely miss the centaur. The centaur hits you.
* * * LOW HITPOINT WARNING * * *
You hit the centaur.
Space bends around the centaur.
The centaur is moderately wounded.
The centaur hits you but does no damage.
You barely miss the centaur.
The centaur is moderately wounded.
The centaur misses you. The centaur completely misses you.
You hit the centaur.
The centaur is moderately wounded.
The centaur blinks!
The centaur wields a runed shortbow.
It bursts into flame!
The centaur shoots an arrow.
The arrow hits you!
You die...

....### ..###.#......# #..
#..#. #.#..#.#.#..### #..
#...###.............####.. .
#........#...........#.. #..
##......##.###...###.#..
##...#..........# #...# #.#..
#........>#.###.###.#.###.#..
....#....##§###.....#..÷.÷#..
.[....<.c...@................
......#.#######...#####.##[##
......#.# ##### #.##.#
......#.# #.##.# #.#.....#
#.##)# #.##. ### #.##.#
>.##.# ####.# #.#


You could see a centaur.

Vanquished Creatures
  Grinder (D:4)
  A wyvern (D:8)
  Eustachio (D:6)
  3 porcupines (D:8)
  A sky beast (D:7)
  2 ogres
  2 centaurs
  A crocodile (D:8)
  4 bullfrogs
  6 scorpions
  A howler monkey (D:6)
  3 crimson imps
  A centaur zombie (D:6)
  4 hounds
  A jelly (D:8)
  A gnoll shaman (D:4)
  3 orc priests
  7 iguanas
  Natasha (thrice) (D:3 D:4)
  An orc wizard (D:4)
  4 worker ants
  2 hound skeletons
  2 worker ant zombies
  8 gnolls
  11 adders
  3 oozes
  4 adder zombies
  3 worms
  3 dart slugs
  The ghost of dscm the Caller, a weakling FeWn (D:4)
  2 leopard geckos
  8 orcs
  5 giant cockroaches
  9 goblins
  7 hobgoblins
  14 jackals
  9 quokkas
  4 ball pythons
  11 bats
  9 frilled lizards
  A jackal zombie (D:6)
  9 kobolds
  A leopard gecko skeleton (D:4)
  A quokka zombie (D:6)
  7 rats
185 creatures vanquished.

Vanquished Creatures (others)
  A hound (D:8)
  12 fungi (D:8)
  4 plants (D:8)
17 creatures vanquished.

Grand Total: 202 creatures vanquished

Notes
Turn   | Place    | Note
-------+----------+-------------------------------------------
     0 | D:1      | dohliylev the Vampire Enchanter began the quest for the
                  | Orb.
     0 | D:1      | Reached XP level 1. HP: 13/13 MP: 3/3
    78 | D:1      | Reached XP level 2. HP: 9/19 MP: 5/5
    82 | D:1      | Learned a level 2 spell: Ensorcelled Hibernation
   128 | D:1      | Reached skill level 5 in Stealth
   128 | D:1      | Reached skill level 5 in Hexes
   688 | D:2      | Reached XP level 3. HP: 24/24 MP: 1/6
   695 | D:2      | Reached skill level 6 in Stealth
  1135 | D:2      | HP: 1/24 [frilled lizard (1)]
  1420 | D:2      | Reached XP level 4. HP: 30/30 MP: 4/7
  1455 | D:2      | Reached skill level 7 in Stealth
  1776 | D:3      | Learned a level 3 spell: Confuse
  1888 | D:3      | Noticed Natasha
  2010 | D:3      | Reached XP level 5. HP: 29/35 MP: 4/8
  2087 | D:3      | Found a stormy altar of Qazlal.
  2134 | D:3      | Killed Natasha
  2134 | D:3      | Reached skill level 8 in Stealth
  2266 | D:4      | Found an ancient bone altar of Kikubaaqudgha.
  2292 | D:4      | Noticed Natasha
  2297 | D:4      | Killed Natasha
  2313 | D:4      | Noticed Natasha
  2372 | D:4      | Noticed an ogre
  2504 | D:4      | Killed Natasha
  2504 | D:4      | Reached XP level 6. HP: 16/41 MP: 3/9
  3032 | D:4      | Found a runed door.
  3033 | D:4      | Noticed Grinder
  3034 | D:4      | Paralysed by Grinder for 6 turns
  3051 | D:4      | Killed Grinder
  3051 | D:4      | Reached skill level 5 in Short Blades
  3051 | D:4      | Reached XP level 7. HP: 46/46 MP: 7/10
  3101 | D:4      | HP: 2/46 [poisoned by a scorpion]
  3107 | D:4      | HP: 1/46 [poisoned by a scorpion]
  3114 | D:4      | HP: 2/46 [poisoned by a scorpion]
  3414 | D:4      | Found Itaugo Xag's Armour Emporium.
  3702 | D:4      | Noticed dscm's ghost (weakling FeWn)
  3859 | D:4      | Reached skill level 1 in Fighting
  3868 | D:4      | Killed dscm's ghost
  3981 | D:5      | Entered Level 5 of the Dungeon
  4045 | D:5      | Reached skill level 5 in Dodging
  4108 | D:5      | Reached XP level 8. HP: 54/54 MP: 8/12
  4200 | D:5      | Found a shimmering altar of Xom.
  4200 | D:5      | Found a shimmering altar of Xom.
  4201 | D:5      | Found a shimmering altar of Xom.
  4300 | D:5      | Found a shimmering altar of Xom.
  4375 | D:5      | Found a shimmering altar of Xom.
  4898 | D:5      | Learned a level 2 spell: Passwall
  4902 | D:5      | Learned a level 3 spell: Tukima's Dance
  5426 | D:6      | Reached skill level 5 in Spellcasting
  5455 | D:6      | Found a staircase to the Ecumenical Temple.
  5467 | Temple   | Entered the Ecumenical Temple
  5536 | Temple   | Became a worshipper of Dithmenos the Shadowed
  5630 | D:6      | Noticed Eustachio
  5633 | D:6      | Killed Eustachio
  5633 | D:6      | Reached skill level 9 in Stealth
  5859 | D:6      | Found Lomu Qynt's Book Shop.
  5979 | D:6      | Reached skill level 10 in Stealth
  5997 | D:6      | Reached * piety under Dithmenos
  6416 | D:7      | Reached skill level 11 in Stealth
  6416 | D:7      | Reached XP level 9. HP: 61/61 MP: 12/16
  7014 | D:8      | Reached skill level 12 in Stealth
  7219 | D:8      | HP: 3/61 [porcupine's spines (10)]
  7306 | D:8      | Shot with an arrow by a centaur

Skill      XL: |  1  2  3  4  5  6  7  8  9 |
---------------+----------------------------+-----
Stealth        | 5 6 7 8 11 12 | 12.1
Hexes          | 5 6 |  6.0
Short Blades   | 3 5 6 |  6.6
Dodging        | 4 5 7 |  7.6
Fighting       | 1 2 |  2.0
Spellcasting   | 3 5 |  5.0

Action                   |  1- 3 |  4- 6 |  7- 9 || total
-------------------------+-------+-------+-------++-------
Melee: Dagger            |   197 |   167 |   248 ||   612
       Bite              |    18 |    17 |    14 ||    49
       Unarmed           |       |     1 |       ||     1
 Cast: Ensorcelled Hiber |    24 |    44 |    90 ||   158
       Confuse           |       |     1 |    10 ||    11
 Abil: End Transformatio |       |     1 |     1 ||     2
       Bat Form          |       |     1 |     1 ||     2
  Use: Scroll            |     2 |       |     5 ||     7
       Potion            |       |     5 |     2 ||     7
 Stab: Sleeping          |    12 |    30 |    60 ||   102
       Confused          |       |     1 |     8 ||     9
       Distracted        |       |       |     1 ||     1
  Eat: Corpse            |    11 |     8 |     9 ||    28
Armor: Robe              |    51 |    31 |    37 ||   119
Dodge: Dodged            |   195 |   137 |   182 ||   514
